 Dungeon Crawl Stone Soup version 0.15-a0-877-g2926600 (webtiles) character file.

67 PolkaDot the Vexing (level 4, 0/30 HPs)
             Began as a Vampire Enchanter on May 17, 2014.
             Was an Initiate of Ashenzari.
             Killed by divine providence
             ... invoked by an orc priest
              (12 damage)
             ... on Level 3 of the Dungeon.
             The game lasted 00:10:55 (2683 turns).

PolkaDot the Vexing (Vampire Enchanter)             Turns: 2683, Time: 00:10:55

HP   0/30        AC  4     Str  7      XL: 4   Next:  0%
MP   5/7         EV 12     Int 17      God: Ashenzari [......]
Gold 73          SH  0     Dex 15      Spells:  3 memorised,  1 level left

rFire  . . .     SeeInvis +     a - +1 dagger (curse)
rCold  + + .     Clarity  .     b - +1 robe
rNeg   + + +     Conserve .     (no shield)
rPois  +         rCorr    .     (no helmet)
rElec  .         rRot     +     s - +0 cloak
SustAb .         Spirit   .     (no gloves)
rMut   .         Warding  .     (no boots)
Gourm  .         Stasis   .     (no amulet)
MR     .....                    (no ring)
                                (no ring)

@: regenerating slowly, not resistant to hostile enchantments, fairly stealthy
A: fangs 3, see invisible, unbreathing
a: Bat Form, Renounce Religion


You were on level 3 of the Dungeon.
You worshipped Ashenzari.
Ashenzari was noncommittal.
You were near bloodless.

You visited 1 branch of the dungeon, and saw 3 of its levels.

You collected 73 gold pieces.

Inventory:

Hand weapons
 a - a cursed +1,+1 dagger (weapon)
Missiles
 d - 21 darts (quivered)
Armour
 b - a +1 robe (worn)
 s - a +0 cloak (worn)
Magical devices
 t - a wand of confusion (8) {unknown}
Scrolls
 f - a scroll of teleportation {unknown}
 g - a scroll of enchant weapon II {unknown}
 i - 3 scrolls of identify {unknown}
 j - a scroll of noise {unknown}
 l - a scroll of random uselessness {unknown}
 m - a scroll of remove curse
 n - 2 scrolls of curse armour
 p - a scroll of immolation {unknown}
 q - a scroll of recharging {unknown}
 r - 2 scrolls of amnesia {unknown}
Potions
 h - a potion of restore abilities {unknown}
 k - a potion of curing {unknown}
 o - 2 potions of lignification {unknown}
 u - a potion of flight {unknown}
Books
 c - a book of Maledictions

   Spells                             Type                      Level
   *Corona                            Hexes                        1
   Sure Blade                         Hexes/Charms                 2
   *Ensorcelled Hibernation           Hexes/Ice                    2
   *Confuse                           Hexes                        3
   Dazzling Spray                     Conjuration/Hexes            3
   Enslavement                        Hexes                        4


   Skills:
 - Level 2.1 Short Blades
 - Level 1.0 Throwing
 - Level 2.1 Dodging
 + Level 3.9 Stealth
 - Level 2.0 Spellcasting
 * Level 6.0 Hexes


You had one spell level left.
You knew the following spells:

 Your Spells              Type           Power        Failure   Level  Hunger
a - Corona                Hex            ###....      1%          1    #......
c - Confuse               Hex            ###.....     6%          3    ####...
d - Ensorcelled Hibernat  Hex/Ice        ##....       10%         2    ###....


Dungeon Overview and Level Annotations

Branches:
Dungeon (3/15)

Altars:
Ashenzari
Dithmenos
Kikubaaqudgha
Makhleb

Portals:
Sewer: D:3

Annotations:
D:3 soonmide's ghost, average GrEE


Innate Abilities, Weirdness & Mutations

You heal slowly.
You have razor-sharp teeth.*
You have supernaturally acute eyesight.
You can survive without breathing.*


Message History

There is an open door here.
There is a stone staircase leading down here.
You start resting.
Magic restored.
You climb downwards.
You hear the sound of rushing water.
There is an entrance to a sewer on this level.
Hurry and find it before the portal rusts away!
You hear the slow rusting of a drain, a long way away.
Level annotation: soonmide's ghost, average GrEE The orc priest shouts!
There is a stone staircase leading up here.
Casting: Ensorcelled Hibernation
Confirm with . or Enter, or press ? or * to list all spells.
Aiming: Ensorcelled Hibernation
Press: ? - help, Shift-Dir - straight line, f - orc priest
Aim: an orc priest wearing a leather armour The orc priest resists.
The orc priest mumbles some strange prayers to Beogh against you.
Something smites you!
You die...

..<#####o.............
.......................
?......##...!...........
...... #.o........##..#
.....>. ##........# ..#
....... #.........
.......###.......##
.......o.....####...
..o.....@.##.# #
..(.......# .#
........## .# ###.!....
.. ##..... .. .......
... ........ . ###.....
#..


You could see an orc priest and an orc.

Vanquished Creatures
  A gnoll (D:1)
  An adder (D:2)
  A giant gecko (D:1)
  An ooze (D:1)
  2 giant cockroaches (D:1)
  6 goblins
  7 hobgoblins
  3 jackals
  7 bats
  5 giant newts
  5 kobolds
  8 rats
47 creatures vanquished.

Notes
Turn   | Place    | Note
--------------------------------------------------------------
     0 | D:1      | PolkaDot, the Vampire Enchanter, began the quest for the Orb.
     0 | D:1      | Reached XP level 1. HP: 13/13 MP: 3/3
   218 | D:1      | Reached XP level 2. HP: 8/19 MP: 2/4
   402 | D:1      | Learned a level 2 spell: Ensorcelled Hibernation
  1359 | D:1      | Reached skill level 1 in Throwing
  1380 | D:1      | Reached skill level 5 in Hexes
  1550 | D:1      | Reached XP level 3. HP: 24/24 MP: 3/6
  1873 | D:1      | Learned a level 3 spell: Confuse
  1891 | D:2      | Found a shattered altar of Ashenzari.
  1897 | D:2      | Became a worshipper of Ashenzari the Shackled
  2051 | D:2      | Found a shadowy altar of Dithmenos.
  2223 | D:2      | Found an ancient bone altar of Kikubaaqudgha.
  2282 | D:2      | Reached skill level 6 in Hexes
  2455 | D:2      | Found a burning altar of Makhleb.
  2573 | D:3      | Noticed soonmide's ghost (average GrEE)
  2603 | D:3      | Found a glowing drain.
  2620 | D:2      | HP: 1/24 [bat (1)]
  2625 | D:2      | Reached XP level 4. HP: 8/30 MP: 1/7
  2683 | D:3      | Killed from afar by an orc priest

Action                   |  1- 3 |  4- 6 || total
-------------------------+-------+-------++-------
Melee: Dagger            |   137 |       ||   137
       Unarmed           |     1 |       ||     1
Throw: Dart              |     7 |       ||     7
       Throwing net      |     1 |       ||     1
 Cast: Corona            |    13 |       ||    13
       Ensorcelled Hiber |    13 |     1 ||    14
 Abil: End Transformatio |     1 |       ||     1
       Bat Form          |     1 |       ||     1
  Use: Scroll            |     1 |       ||     1
 Stab: Sleeping          |    21 |       ||    21
       Held in net/web   |     1 |       ||     1
